 Dungeon Crawl Stone Soup version 0.24.0-37-gcf1ca852f1 (webtiles) character file.

Game seed: 15974207793649872005, levelgen mode: deterministic

404 PentaManta the Slasher (level 6, -1/32 HPs)
             Began as a Vine Stalker Fighter on Dec 4, 2019.
             Slain by an orc wizard
             ... wielding a +0 dagger
              (3 damage)
             ... on level 4 of the Dungeon.
             The game lasted 00:06:39 (3029 turns).

PentaManta the Slasher (Vine Stalker Fighter)       Turns: 3029, Time: 00:06:39

Health: -1/32      AC: 11    Str: 21    XL:     6   Next: 86%
Magic:  0/7        EV:  8    Int:  8    God:
Gold:   196        SH:  9    Dex: 13    Spells: 5/5 levels left

rFire    . . .     SeeInvis .   a - +0 long sword
rCold    . . .     Gourm    .   c - +0 shield
rNeg     . . .     Faith    .   b - +0 scale mail
rPois    .         Spirit   +   m - +2 helmet
rElec    .         Reflect  .   t - +0 cloak
rCorr    .         Harm     .   (no gloves)
MR       .....                  (no boots)
Stlth    ..........             (no amulet)
HPRegen  0.50/turn              (no ring)
MPRegen  0.10/turn              (no ring)

@: no status effects
A: fangs 2, regeneration 1, magic shield, antimagic bite, no potion heal 3, rot
immunity
a: no special abilities


You were on level 4 of the Dungeon.
You were not hungry.

You visited 1 branch of the dungeon, and saw 4 of its levels.

You collected 196 gold pieces.

Inventory:

Hand Weapons
 a - a +0 long sword (weapon)
Armour
 b - a +0 scale mail (worn)
 c - a +0 shield (worn)
 m - a +2 helmet (worn)
 t - a +0 cloak (worn)
Jewellery
 o - an uncursed ring of resist corrosion {unknown}
 y - an uncursed amulet of harm {unknown}
Wands
 r - a wand of random effects (15)
 x - a wand of digging (5)
Scrolls
 h - 4 scrolls of identify {unknown}
 k - a scroll of fear {unknown}
 l - 2 scrolls of amnesia {unknown}
 p - 2 scrolls of enchant weapon {unknown}
 q - 2 scrolls of remove curse {unknown}
 v - 3 scrolls of enchant armour {unknown}
 w - 2 scrolls of fog {unknown}
 A - a scroll of teleportation {unknown}
Potions
 d - a potion of might
 e - 3 potions of agility
 g - 2 potions of curing {unknown}
 i - a potion of invisibility {unknown}
 j - 3 potions of heal wounds {unknown}
 n - a potion of berserk rage {unknown}
 s - a potion of mutation {unknown}
 u - a potion of brilliance {unknown}
 z - a potion of degeneration {unknown}
Comestibles
 f - 5 rations
 B - a chunk of flesh


   Skills:
 + Level 3.2 Fighting
 + Level 4.3 Long Blades
 + Level 3.4 Armour
 + Level 0.9 Dodging
 - Level 0.3 Stealth
 + Level 4.0 Shields


You had 5 spell levels left.
You didn't know any spells.
Your spell library was empty.

Dungeon Overview and Level Annotations

Branches:
Dungeon (4/15)
 Temple: D:4-7

Altars:
Hepliaklqana

Shops:
D:4 :*

Annotations:
D:4 Eustachio


Innate Abilities, Weirdness & Mutations

You have extremely sharp teeth.
Your natural rate of healing is unusually fast.
When hurt, damage is shared between your health and your magic reserves.
Your bite disrupts and absorbs the magic of your enemies.
Potions cannot restore your health.
You are immune to rotting.


Message History

The bat's corpse disappears in a puff of smoke!
You hit Eustachio.
Eustachio is severely wounded.
The orc wizard gestures at you while chanting.
The puff of flame hits you. Eustachio hits you with a +0 rapier.
* * * LOW HITPOINT WARNING * * *
The river rat bites you but does no damage.
The river rat bites you.
* * * LOW HITPOINT WARNING * * *
The orc wizard barely misses you.
You riposte.
You slash the orc wizard!
The orc wizard is severely wounded.
Your shield and scale mail prevent you from hitting Eustachio.
Your bite misses Eustachio.
Eustachio is severely wounded.
You block the river rat's attack.
Eustachio gestures wildly while chanting.
Eustachio blinks!
The river rat bites you!
* * * LOW HITPOINT WARNING * * *
The orc wizard hits you with a +0 dagger.
You die...

#..........##.....
#.........#....... ##
#+#.......†......... #..
##...#....#..........
....#.. ##....#......<...
#..%...##....###.........
.............##.......÷..
...##..oS.#..............
#.or@###.............
.....or5# ####......###.
....@...b# #........##.
<......... .........##.
........... ##........#.
........... #..###.....
>........... #.. #.....
........... #. ##.(..) .
#......


You could see Eustachio, an orc priest, 2 orc wizards, 2 river rats, a white
imp, a bat and a ball python.

Vanquished Creatures
  An ogre (D:4)
  2 scorpions
  A crimson imp (D:3)
  A hound (D:4)
  Robin (D:2)
  3 gnolls
  3 adders
  2 worms
  2 leopard geckos (D:1)
  3 orcs
  2 ball pythons
  9 bats
  5 giant cockroaches
  16 goblins
  7 hobgoblins
  5 jackals
  2 quokkas
  A frilled lizard (D:1)
  7 kobolds
  8 rats
81 creatures vanquished.

Notes
Turn   | Place    | Note
-------+----------+-------------------------------------------
     0 | D:1      | PentaManta the Vine Stalker Fighter began the quest for the
                  | Orb.
     0 | D:1      | Reached XP level 1. HP: 11/11 MP: 2/2
   127 | D:1      | Reached XP level 2. HP: 7/16 MP: 1/3
   713 | D:1      | Reached XP level 3. HP: 19/19 MP: 4/4
  1048 | D:2      | Noticed Robin
  1339 | D:2      | Killed Robin
  1339 | D:2      | Gained mutation: Your natural rate of healing is unusually
                  | fast. [Vine Stalker growth]
  1339 | D:2      | Reached XP level 4. HP: 23/24 MP: 5/5
  1372 | D:2      | Found a hazy altar of Hepliaklqana.
  1998 | D:2      | Reached XP level 5. HP: 27/28 MP: 6/6
  2437 | D:3      | Reached XP level 6. HP: 32/32 MP: 7/7
  2912 | D:4      | Found Kasuci's Book Boutique.
  2957 | D:4      | Found Wiafil's Assorted Antiques.
  3016 | D:4      | Noticed Eustachio
  3029 | D:4      | Slain by an orc wizard

Levels and vault maps discovered:
D:1:      mrwooster_arrival_statue_2, layout_basic
D:2:      layout_basic, lemuel_crystal_altar, uniq_robin
D:3:      layout_basic, minmay_vboxes
D:4:      layout_cave_pools, lemuel_zombie_altar_kikubaaqudgha, serial_shops,
          nicolae_shop_overgrown_old_shop, shop, kennysheep_mini,
          nicolae_shop_temple_entry_statues_fountains, first_ration,
          uniq_eustachio

Skill      XL: |  1  2  3  4  5  6 |
---------------+-------------------+-----
Shields        | 3 4 |  4.0
Long Blades    | 2 3 4 |  4.3
Fighting       | 3 |  3.2
Armour         | 3 |  3.4
Dodging        | |  0.9
Stealth        | |  0.3

Action                   |  1- 3 |  4- 6 || total
-------------------------+-------+-------++-------
Melee: Long sword        |   127 |   138 ||   265
       Bite              |    40 |    46 ||    86
  Eat: Chunk             |     2 |     5 ||     7
Armor: Scale mail        |    99 |    74 ||   173
Dodge: Dodged            |    61 |    44 ||   105
Block: Shield            |    96 |    96 ||   192
       Rpst.: Long sword |    22 |    20 ||    42
